 Dungeon Crawl Stone Soup version 0.28.0-47-ge53b351184 (webtiles) character file.

Game seed: 17086819833662466711

86 101zpm the Magician (level 4, -2/31 HPs)
             Began as a Djinni Ice Elementalist on Apr 26, 2022.
             Slain by a bullfrog zombie (3 damage)
             ... on level 3 of the Dungeon.
             The game lasted 00:04:09 (3235 turns).

101zpm the Magician (Djinni Ice Elementalist)       Turns: 3235, Time: 00:04:09

Health: -2/31      AC:  2    Str:  7    XL:     4   Next: 78%
Gold:   130        EV: 12    Int: 18    God:
                   SH:  0    Dex: 14

rFire   + + .      SeeInvis .   b - +2 short sword (drain)
rCold   x . .      Faith    .   (no shield)
rNeg    . . .      Spirit   .   a - +0 robe
rPois   ∞          Reflect  .   (no helmet)
rElec   .          Harm     .   (no cloak)
rCorr   .          Rampage  .   (no gloves)
Will    .....                   (boots unavailable)
Stlth   ++........              (no amulet)
HPRegen 0.10/turn               (no ring)
MPRegen 0.00/turn               (no ring)

@: freezing walls, flying
A: sickness immunity, fire resistance 2, cold vulnerability 1, float, innate
caster, HP casting, extra vitality 1
a: no special abilities


You were on level 3 of the Dungeon.
You visited 1 branch of the dungeon, and saw 3 of its levels.

You collected 130 gold pieces.

Inventory:

Hand Weapons
 b - a +2 short sword of draining (weapon)
Missiles
 e - 2 throwing nets
Armour
 a - a +0 robe (worn)
Scrolls
 d - 2 scrolls of immolation
 g - a scroll of vulnerability {unknown}
Potions
 c - a potion of brilliance {unknown}
 f - a potion of degeneration {unknown}


   Skills:
 + Level 0.2 Fighting
 + Level 2.4 Dodging
 + Level 2.0 Stealth
 + Level 4.3 Spellcasting


You couldn't memorise any spells.
You knew the following spells:

 Your Spells              Type           Power      Damage    Failure   Level
a - Freeze                Ice            76%        1d9       2%          1
b - Frozen Ramparts       Ice            38%        1d5       7%          3
c - Ozocubu's Armour      Ice            19%        N/A       7%          3
d - Hailstorm             Conj/Ice       19%        3d6       24%         4
e - Foxfire               Conj/Fire      76%        2x1d7     2%          1
Your spell library was empty.

Dungeon Overview and Level Annotations

Branches:
Dungeon (3/15)

Altars:
Trog
Yredelemnul
Zin


Innate Abilities, Weirdness & Mutations

You are immune to sickness and miasma.
You are immune to poison.
Your flesh is very heat resistant. (rF++)
You are vulnerable to cold. (rC-)
You float through the air rather than walking.
You learn spells naturally, not from books.
Your magical power is your life essence.
You have superior vitality. (+4 MHP)


Message History

You hit the bullfrog zombie.
The bullfrog zombie is moderately damaged.
The bullfrog zombie completely resists.
The wall freezes the bullfrog zombie but does no damage.
The bullfrog zombie hits you.
You hit the bullfrog zombie.
The bullfrog zombie is moderately damaged.
The bullfrog zombie completely resists.
The wall freezes the bullfrog zombie but does no damage.
The bullfrog zombie closely misses you.
The bullfrog zombie completely resists.
The wall freezes the bullfrog zombie but does no damage.
The bullfrog zombie hits you.
Aiming: Freeze (safe; 2% risk of failure)
Press: ? - help, Q - select action, (/) - cycle Shift-Dir - straight line, f - bullfrog zombie
Aim: a bullfrog zombie (moderately damaged)
You freeze the bullfrog zombie.
The bullfrog zombie resists.
The bullfrog zombie is moderately damaged.
The bullfrog zombie completely resists.
The wall freezes the bullfrog zombie but does no damage.
The bullfrog zombie hits you.
* * * LOW HITPOINT WARNING * * *
Casting: Freeze (safe; 2% risk of failure)
Confirm with . or Enter, or press ? or * to list all spells.
You conjure some foxfire!
* * * LOW HITPOINT WARNING * * *
The bullfrog zombie resists.
The wall freezes the bullfrog zombie.
The bullfrog zombie hits you.
* * * LOW HITPOINT WARNING * * *
Casting: Foxfire (safe; 2% risk of failure)
Confirm with . or Enter, or press ? or * to list all spells.
You conjure some foxfire!
* * * LOW HITPOINT WARNING * * *
The foxfire hits the bullfrog zombie!
The bullfrog zombie is heavily damaged.
The foxfire hits the bullfrog zombie.
The bullfrog zombie is severely damaged.
The bullfrog zombie completely resists.
The wall freezes the bullfrog zombie but does no damage.
The bullfrog zombie hits you.
You die...

#..#.# ##. #.. #..#.# ##
#.. #....# #... ####
#.##.# #... ...# #.##.#
### ###..?#####.###.#..#
#..
....[............P.###..
........v.......#≈P≈≈...
......Z@v....#...≈≈≈≈P..
##.....####.##.#≈≈♣≈♣≈≈≈
#.$..(.....##.≈≈♣♣♣♣♣≈P
#.....####....P≈♣ ♣≈≈
#.....#######..≈♣♣♣♣♣♣≈
#..$........#..P≈P♣≈≈≈≈
##...######.#.#.≈.≈P≈P.
#...#......#.###≈≈.≈≈#
#.####.......PPP##


You could see a bullfrog zombie (ally target).

Vanquished Creatures
  2 adders (D:2)
  3 worms
  A dart slug (D:3)
  An orc (D:2)
  5 bats
  8 endoplasms
  2 giant cockroaches
  5 goblins
  5 hobgoblins
  4 kobolds
  5 quokkas
  2 ball pythons
  2 frilled lizards
  7 rats
52 creatures vanquished.

Vanquished Creatures (others)
  26 foxfires
  6 plants (D:3)
32 creatures vanquished.

Grand Total: 84 creatures vanquished

Notes
Turn   | Place    | Note
-------+----------+-------------------------------------------
     0 | D:1      | 101zpm the Djinni Ice Elementalist began the quest for the
                  | Orb.
     0 | D:1      | Reached XP level 1. HP: 15/15 MP: 0/0
   256 | D:1      | Reached XP level 2. HP: 15/21 MP: 0/0
   460 | D:1      | You are sucked into a shaft and drop 1 floor!
   474 | D:2      | Reached XP level 3. HP: 9/25 MP: 0/0
   474 | D:2      | Learned a level 1 spell: Foxfire
   956 | D:2      | Found a glowing silver altar of Zin.
  1061 | D:2      | Reached skill level 4 in Spellcasting
  1241 | D:2      | Reached XP level 4. HP: 18/31 MP: 0/0
  1641 | D:1      | Found a faded altar of an unknown god.
  2609 | D:3      | Found a bloodstained altar of Trog.
  3092 | D:3      | Found a basalt altar of Yredelemnul.
  3235 | D:3      | Slain by a bullfrog zombie

Illustrated notes

Levels and vault maps discovered:
D:1:      elethiomel_arrival_infinity_welcomes_careful_drivers, layout_basic,
          hellmonk_ecumenical_altar_blasted
D:2:      layout_basic, basic_altar
D:3:      layout_loops_cross, mainiacjoe_overflow_paths, lemuel_crystal_altar,
          serial_bayou_pond_c, corexii_leaking_fountain

Skill      XL: |  1  2  3  4 |
---------------+-------------+-----
Spellcasting   | 4 |  4.3
Stealth        | 2 |  2.0
Fighting       | |  0.2
Dodging        | |  2.4

Action                   |  1- 3 |  4- 6 || total
-------------------------+-------+-------++-------
Melee: Unarmed           |     1 |       ||     1
       Short sword       |     1 |     5 ||     6
 Cast: Freeze            |    30 |    53 ||    83
       Foxfire           |    15 |     2 ||    17
       Frozen Ramparts   |       |     1 ||     1
Armor: Robe              |     2 |     4 ||     6
Dodge: Dodged            |     5 |    27 ||    32
